 Dungeon Crawl Stone Soup version 0.29.1-1-gd02db6906a (webtiles) character file.

Game seed: 12896656847683077938

205 Asdor the Trooper (level 5, -5/42 HPs)
             Began as a Demonspawn Abyssal Knight on Oct 9, 2022.
             Was a Priest of Lugonu.
             Killed from afar by Ijyb (10 damage)
             ... with a puff of flame
             ... on level 4 of the Dungeon.
             The game lasted 00:12:22 (2959 turns).

Asdor the Trooper (Demonspawn Abyssal Knight)       Turns: 2959, Time: 00:12:22

Health: -5/42      AC:  5    Str: 13    XL:     5   Next: 52%
Magic:  7/7        EV:  8    Int: 11    God:    Lugonu [***...]
Gold:   250        SH: 14    Dex: 18    Spells: 4/4 levels left

rFire   . . .      SeeInvis +   s - +2 short sword (vamp)
rCold   . . .      Faith    .   l - +2 tower shield
rNeg    . . .      Spirit   .   b - +0 leather armour
rPois   .          Reflect  .   e - +2 hat
rElec   .          Harm     .   (no cloak)
rCorr   .          Rampage  .   (no gloves)
Will    .....                   (no boots)
Stlth   +++.......              (no amulet)
HPRegen 0.14/turn               i - ring of see invisible
MPRegen 0.10/turn               (no ring)

@: mighty
A: claws 1, thin skeletal structure 1, demonic magic 1, talons 1
a: Renounce Religion, Depart the Abyss, Bend Space, Banish


You were on level 4 of the Dungeon.
You worshipped Lugonu.
Lugonu was most pleased with you.
You visited 1 branch of the dungeon, and saw 4 of its levels.
You visited the Abyss 1 time.

You collected 250 gold pieces.

Inventory:

Hand Weapons
 a - a +1 falchion
 s - a +2 vampiric short sword (weapon)
Armour
 b - a +0 leather armour (worn)
 e - a +2 hat (worn)
 l - a +2 tower shield (worn)
Jewellery
 i - a ring of see invisible (left claw)
Scrolls
 d - a scroll of fog
 n - a scroll of acquirement {unknown}
 p - a scroll of brand weapon {unknown}
 q - a scroll of blinking {unknown}
 r - a scroll of teleportation {unknown}
 t - a scroll of identify
Potions
 c - a potion of brilliance {unknown}
 f - 2 potions of might
 g - a potion of lignification {unknown}
 h - a potion of cancellation {unknown}
 j - a potion of curing
 k - a potion of degeneration {unknown}
 m - 2 potions of heal wounds {unknown}
 o - a potion of haste {unknown}


   Skills:
 + Level 3.9 Fighting
 + Level 0.4(1.7) Short Blades
 - Level 2.7(2.8) Long Blades
 - Level 2.0 Armour
 + Level 2.1 Dodging
 + Level 2.0 Stealth
 + Level 1.2 Shields
 - Level 3.0 Invocations


You had 4 spell levels left.
You didn't know any spells.
Your spell library was empty.

Dungeon Overview and Level Annotations

Branches:
Dungeon (4/15)
 Temple: D:4-7

Altars:
Kikubaaqudgha

Annotations:
D:4 Ijyb


Innate Abilities, Weirdness & Mutations

You have sharp fingernails.
You have a somewhat thin skeletal structure. (Dex +2, Stealth+)
Spells you cast may paralyse adjacent enemies.
You have sharp toenails.


Message History

You hit Ijyb but do no damage.
Ijyb is lightly wounded.
Ijyb closely misses you. You block the giant cockroach's attack.
You block Ijyb's attack.
You hit the giant cockroach.
You feel better.
The giant cockroach is almost dead.
You block the giant cockroach's attack. You block Ijyb's attack.
You block the giant cockroach's attack.
You hit the giant cockroach.
You kill the giant cockroach!
Lugonu accepts your kill.
Ijyb zaps a wand.
The puff of flame hits you. You block Ijyb's attack.
Ijyb zaps a wand.
You block the puff of flame.
You see here a giant cockroach corpse.
Ijyb hits you but does no damage.
You hit Ijyb but do no damage. You claw Ijyb, but do no damage.
Ijyb is lightly wounded.
You block Ijyb's attack.
You hit Ijyb but do no damage.
Ijyb is lightly wounded.
Ijyb hits you with a +0 dagger. You block Ijyb's attack.
You hit Ijyb but do no damage.
Ijyb is lightly wounded.
Ijyb hits you with a +0 dagger.
You closely miss Ijyb. You claw Ijyb, but do no damage.
Ijyb is lightly wounded.
You block Ijyb's attack.
Ijyb zaps a wand.
The puff of flame hits you!
* * * LOW HITPOINT WARNING * * *
You closely miss Ijyb. You claw Ijyb, but do no damage.
Ijyb is lightly wounded.
Ijyb hits you but does no damage.
You feel very mighty all of a sudden.
Ijyb zaps a wand.
The puff of flame hits you.
* * * LOW HITPOINT WARNING * * *
You closely miss Ijyb. You claw Ijyb.
Ijyb is moderately wounded.
Ijyb hits you with a +0 dagger.
* * * LOW HITPOINT WARNING * * *
Ijyb zaps a wand.
The puff of flame hits you!
You die...

### #.# ..#
#.# #######.#
#.#
#.......###.#
#.g@†....##.#
#........##.#
#........##.#
########....#
###..# #..#
#..# #..#
#########.##


You could see Ijyb (strong).

Vanquished Creatures
  An orc priest (D:3)
  An iguana (D:4)
  2 orc wizards (D:3)
  4 adders
  9 orcs
  6 ball pythons
  3 bats
  3 endoplasms
  6 giant cockroaches
  3 hobgoblins
  2 quokkas
  5 frilled lizards
  5 goblins
  4 kobolds (D:2)
  2 rats
56 creatures vanquished.

Notes
Turn   | Place    | Note
-------+----------+-------------------------------------------
     0 | Abyss:1  | Asdor the Demonspawn Abyssal Knight began the quest for the
                  | Orb.
     0 | Abyss:1  | Reached XP level 1. HP: 18/18 MP: 2/2
    44 | Abyss:2  | Found a corrupted altar of Lugonu.
    45 | D:1      | Escaped the Abyss
   374 | D:1      | Found a faded altar of an unknown god.
   378 | D:1      | Reached ** piety under Lugonu
   380 | D:1      | Gained mutation: You have a somewhat thin skeletal
                  | structure. (Dex +2, Stealth+) [demonic ancestry]
   380 | D:1      | Reached XP level 2. HP: 24/24 MP: 3/3
   718 | D:2      | Gained mutation: You have sharp toenails. [potion of
                  | mutation]
   794 | D:2      | Reached skill level 1 in Dodging
   996 | D:2      | Gained mutation: You have sharp fingernails. [demonic
                  | ancestry]
   996 | D:2      | Reached XP level 3. HP: 29/29 MP: 3/5
  1153 | D:2      | Reached skill level 1 in Stealth
  1488 | D:3      | Found an ancient bone altar of Kikubaaqudgha.
  1544 | D:3      | Gained mutation: Spells you cast may paralyse adjacent
                  | enemies. [demonic ancestry]
  1544 | D:3      | Reached XP level 4. HP: 29/35 MP: 6/6
  2217 | D:3      | Reached skill level 1 in Shields
  2217 | D:3      | Reached XP level 5. HP: 12/42 MP: 7/7
  2888 | D:4      | Reached *** piety under Lugonu
  2935 | D:4      | Noticed Ijyb
  2959 | D:4      | Killed from afar by Ijyb

Illustrated notes

Levels and vault maps discovered:
D:1:      wander_arrival_estate, layout_rooms,
          shapermc_ecumenical_altar_totnotflames
D:2:      layout_loops_ring
D:3:      layout_basic, nicolae_kikubaaqudgha_miasma_corner, feat_on_display
D:4:      layout_basic, nemelex_altar_shiori, uniq_ijyb

Skill      XL: |  1  2  3  4  5 |
---------------+----------------+-----
Long Blades    | 2 |  2.7
Armour         | 2 |  2.0
Dodging        | 1 2 |  2.1
Stealth        | 1 2 |  2.0
Invocations    | 3 |  3.0
Shields        | 1 |  1.2
Fighting       | |  3.9
Short Blades   | |  0.4

Action                   |  1- 3 |  4- 6 || total
-------------------------+-------+-------++-------
Melee: Falchion          |    90 |    25 ||   115
       Punch             |     1 |       ||     1
       Kick              |     7 |    16 ||    23
       Short sword       |       |    35 ||    35
Invok: Depart the Abyss  |     1 |       ||     1
  Use: Scroll            |     3 |       ||     3
       Potion            |     1 |     3 ||     4
 Stab: Sleeping          |     9 |     3 ||    12
       Distracted        |       |     1 ||     1
Armor: Leather armour    |    35 |    13 ||    48
Dodge: Dodged            |    58 |    11 ||    69
Block: Tower shield      |     3 |    54 ||    57
